 Dungeon Crawl Stone Soup version 0.26-a0-958-gf3041fb45f (webtiles) character file.

Game seed: 12534535448416787409

1106 miscthings the Chiller (level 8, -7/52 HPs)
             Began as a Mummy Ice Elementalist on Dec 1, 2020.
             Was an Initiate of Gozag.
             Mangled by a hornet zombie (10 damage)
             ... on level 4 of the Dungeon.
             The game lasted 00:10:41 (4287 turns).

miscthings the Chiller (Mummy Ice Elementalist)     Turns: 4287, Time: 00:10:42

Health: -7/52      AC:  3    Str: 12    XL:     8   Next: 11%
Magic:  4/14       EV: 12    Int: 16    God:    Gozag
Gold:   217        SH:  0    Dex: 12    Spells: 7/15 levels left

rFire    x . .     SeeInvis .   j - +2 dagger (vamp)
rCold    + . .     Faith    .   (no shield)
rNeg     + + +     Spirit   .   a - +0 robe
rPois    ∞         Reflect  .   (no helmet)
rElec    .         Harm     .   (no cloak)
rCorr    +         Rampage  .   n - +0 pair of gloves
MR       +....     Rnd*Tele +   (no boots)
Stlth    ++........             (no amulet)
HPRegen  0.17/turn              c - ring of teleportation
MPRegen  0.14/turn              d - ring of resist corrosion

@: no status effects
A: no potions, fire vulnerability, cold resistance 1, negative energy resistance
3, torment resistance, unbreathing
a: Potion Petition, Call Merchant, Bribe Branch, Renounce Religion


You were on level 4 of the Dungeon.
You worshipped Gozag.
Gozag was aware of your devotion.
You visited 2 branches of the dungeon, and saw 6 of its levels.

You collected 345 gold pieces.
You spent 65 gold pieces at shops.
You paid 63 gold pieces to Gozag.

Inventory:

Hand Weapons
 j - a +2 vampiric dagger (weapon)
Armour
 a - a +0 robe (worn)
 m - a +0 buckler
 n - a +0 pair of gloves (worn)
Magical Staves
 f - an uncursed staff of death
Jewellery
 c - a ring of teleportation (left hand)
 d - a ring of resist corrosion (right hand)
Wands
 l - a wand of disintegration (4)
Scrolls
 b - a scroll of blinking
 e - 5 scrolls of remove curse
 g - a scroll of fear {unknown}
 h - a scroll of amnesia
 i - 2 scrolls of teleportation
 k - a scroll of enchant weapon {unknown}


   Skills:
 - Level 1.5 Dodging
 - Level 1.5 Stealth
 - Level 4.0 Spellcasting
 - Level 4.0 Summonings
 + Level 7.3 Ice Magic


You had 7 spell levels left.
You knew the following spells:

 Your Spells              Type           Power        Failure   Level
a - Frozen Ramparts       Ice            ####..       2%          3
d - Summon Ice Beast      Ice/Summ       ###.....     17%         4
e - Freeze                Ice            ####         1%          1

Your spell library contained the following spells:

 Spells                   Type           Power        Failure   Level
 Ozocubu's Armour         Ice            ####....     2%          3
 Hailstorm                Conj/Ice       ##......     36%         4


Dungeon Overview and Level Annotations

Branches:
Dungeon (5/15)             Temple (1/1) D:5

Altars:
Ashenzari
Cheibriados
Dithmenos
Elyvilon
Fedhas
Gozag
Hepliaklqana
Kikubaaqudgha
Makhleb
Nemelex Xobeh
Okawaru
Qazlal
Ru
Trog
Uskayaw
Vehumet
Wu Jian
Xom
Yredelemnul
Zin

Shops:
D:5 ?


Innate Abilities, Weirdness & Mutations

You do not drink.
Your flesh is vulnerable to fire.
You are immune to poison.
Your flesh is cold resistant. (rC+)
You are immune to negative energy. (rN+++)
You are immune to unholy pain and torment.
You can survive without breathing.


Message History

You closely miss the hornet zombie.
The hornet zombie is severely damaged.
The hornet zombie closely misses you.
Your ice beast closely misses the hornet zombie.
Your ice beast barely misses the hornet zombie.
The hornet zombie hits you!
* * * LOW HITPOINT WARNING * * *
You can't drink.
Okay, then.
The hornet zombie completely misses you.
The hornet zombie misses you.
You swap places.
Your ice beast hits the hornet zombie but does no damage.
The hornet zombie hits you but does no damage.
Your magical contamination has completely faded away.
Your ice beast hits the hornet zombie.
Your ice beast freezes the hornet zombie.
The hornet zombie resists.
The hornet zombie hits you!
You die...
Your body crumbles into a pile of gold.

#..........# ##....
#..........# #.....
#..........# #.....
...#.......##########.....
..........................
#.#.##.###############...
.._.....Y# #.##
.#.#.#.#Z## #).. # #.#Y@#
##.. $ #.##.# ###( #. #.#
##†## $ #. ... #.#.#
#.....# #.#Z#Z .....#
#Z#.#.# ##....# #.#.###.
#.##....# #.#w##.##
########.##....##
#w#.##.#.#


You could see a hornet zombie and 2 friendly ice beasts.

Vanquished Creatures
  Sigmund (D:5)
  A sky beast (D:5)
  A necrophage (D:5)
  3 ogres
  A centaur (D:5)
  A scorpion (D:4)
  A howler monkey (D:4)
  A bullfrog zombie (D:5)
  3 orc priests (D:5)
  Ijyb (D:4)
  An orc wizard (D:5)
  2 worker ants (D:5)
  4 gnolls (D:2)
  A howler monkey skeleton (D:4)
  2 adders
  A shadow imp (D:5)
  An ooze (D:1)
  A worm (D:4)
  17 orcs
  A ball python (D:5)
  4 giant cockroaches
  5 hobgoblins
  6 jackals (D:2)
  2 quokkas (D:4)
  4 bats
  A frilled lizard (D:5)
  6 goblins
  6 kobolds
  10 rats
89 creatures vanquished.

Notes
Turn   | Place    | Note
-------+----------+-------------------------------------------
     0 | D:1      | miscthings the Mummy Ice Elementalist began the quest for
                  | the Orb.
     0 | D:1      | Reached XP level 1. HP: 13/13 MP: 4/4
   264 | D:1      | Reached XP level 2. HP: 16/19 MP: 1/5
   893 | D:2      | Reached XP level 3. HP: 4/24 MP: 1/7
   897 | D:2      | Learned a level 3 spell: Frozen Ramparts
  1282 | D:2      | Reached skill level 4 in Ice Magic
  1358 | D:2      | Reached XP level 4. HP: 22/30 MP: 6/10
  1459 | D:2      | Found a burning altar of Makhleb.
  1710 | D:3      | Noticed an ogre
  1731 | D:3      | Killed an ogre
  1732 | D:3      | Reached skill level 5 in Ice Magic
  1732 | D:3      | Reached XP level 5. HP: 23/35 MP: 6/11
  1988 | D:3      | Found a sacrificial altar of Ru.
  2222 | D:4      | Found a hide-covered altar of Uskayaw.
  2222 | D:4      | Found a white marble altar of Elyvilon.
  2315 | D:4      | Found a broken altar of Ashenzari.
  2500 | D:4      | Reached XP level 6. HP: 41/41 MP: 8/12
  2545 | D:4      | Learned a level 4 spell: Summon Ice Beast
  2574 | D:4      | Reached skill level 1 in Summonings
  2574 | D:4      | Reached skill level 6 in Ice Magic
  2961 | D:5      | Entered Level 5 of the Dungeon
  3052 | D:5      | Found a staircase to the Ecumenical Temple.
  3061 | Temple   | Entered the Ecumenical Temple
  3194 | Temple   | Became a worshipper of Gozag Ym Sagoz the Greedy
  3227 | D:5      | Reached XP level 7. HP: 44/46 MP: 9/13
  3585 | D:5      | Found Wialiull's Magic Scroll Emporium.
  3593 | D:5      | Bought a scroll of identify for 26 gold pieces
  3593 | D:5      | Bought a scroll of teleportation for 39 gold pieces
  3602 | D:5      | Noticed Sigmund
  3619 | D:5      | Killed Sigmund
  3620 | D:5      | Reached skill level 7 in Ice Magic
  3620 | D:5      | Reached XP level 8. HP: 25/52 MP: 11/14
  3980 | D:4      | Noticed Ijyb
  4147 | D:4      | Killed Ijyb
  4263 | D:4      | Found a sparkling altar of Nemelex Xobeh.
  4281 | D:4      | HP: 2/52 [hornet zombie (14)]
  4287 | D:4      | Mangled by a hornet zombie

Illustrated notes

Levels and vault maps discovered:
D:1:      dpeg_arrival_rooms_a, layout_basic
D:2:      layout_loops_cross, overflow_temple_1_default
D:3:      layout_loops_cross, minmay_misc_feat_roman, nicolae_ru_awakened_eye
D:4:      minmay_inner_zag, layout_basic, cheibrodos_ashenzari_chains,
          lemuel_crystal_altar, grunt_temple_overflow_open, uniq_ijyb
D:5:      layout_basic, minmay_temple_entry_slanted, serial_shops,
          shop_fountains, uniq_sigmund
Temple:   eino_temple_scatter_basement

Skill      XL: |  1  2  3  4  5  6  7 |
---------------+----------------------+-----
Spellcasting   | 3 4 |  4.0
Ice Magic      | 4 5 6 7 |  7.3
Summonings     | 2 4 |  4.0
Dodging        | |  1.5
Stealth        | |  1.5

Action                   |  1- 3 |  4- 6 |  7- 9 || total
-------------------------+-------+-------+-------++-------
Melee: Unarmed           |    17 |       |       ||    17
       Dagger            |    21 |    34 |    46 ||   101
 Cast: Freeze            |    34 |    13 |     1 ||    48
       Frozen Ramparts   |     3 |    13 |     8 ||    24
       Summon Ice Beast  |       |     1 |     8 ||     9
  Use: Scroll            |       |     3 |     3 ||     6
 Stab: Sleeping          |       |     1 |     1 ||     2
Armor: Robe              |    13 |     9 |     7 ||    29
Dodge: Dodged            |    48 |    35 |    35 ||   118

Table legend: (Time is in decaauts)
 A = Elapsed time spent in this place.
 B = Non-inter-level travel time spent in this place.
 C = Inter-level travel time spent in this place.
 D = Time resting spent in this place.
 E = Time spent auto-exploring this place.
 F = Levels seen in this place.
 G = Mean time per level.
                   A        B        C        D        E       F      G
               +--------+--------+--------+--------+--------+-----+--------+
         Total |   4285 |   4147 |    138 |   1022 |   2288 |   6 |  714.2 |
       Dungeon |   4137 |   4051 |     86 |   1022 |   2204 |   5 |  827.4 |
        Temple |    148 |     96 |     52 |      0 |     84 |   1 |  148.0 |
               +--------+--------+--------+--------+--------+-----+--------+

Top non-repeatable levels by time:
     D:4: 959 daAuts
     D:1: 826 daAuts
     D:5: 823 daAuts
     D:2: 802 daAuts
     D:3: 725 daAuts
  Temple: 148 daAuts
